 Dungeon Crawl Stone Soup version 0.18.1-48-g4cf74bf (webtiles) character file.

786 Iskender the Cudgeler (level 7, 0/41 HPs)
             Began as a Gargoyle Chaos Knight on July 9, 2016.
             Killed from afar by a steam dragon (12 damage)
             ... with a ball of steam
             ... on level 6 of the Dungeon.
             The game lasted 00:52:40 (5649 turns).

Iskender the Cudgeler (Gargoyle Chaos Knight)       Turns: 5649, Time: 00:52:41

Health: 0/41       AC: 13    Str: 14    XL:     7   Next: 86%
Magic:  7/7        EV: 11    Int: 12    God:    Xom [.*....]
Gold:   290        SH:  4    Dex: 11    Spells: 0 memorised, 6 levels left

rFire  . . .     SeeInvis .     a - +0 flail
rCold  . . .     Gourm    .     p - +2 leather armour
rNeg   + . .     Faith    .     (no shield)
rPois  ∞         Spirit   .     n - +2 helmet
rElec  +         Dismiss  .     (no cloak)
rCorr  .         Reflect  +     (no gloves)
SustAt .         Harm     .     (no boots)
MR     .....                    w - +4 amulet of reflection
Stlth  +++.......               q - -2 ring of strength (curse)
                                (no ring)

@: not resistant to hostile enchantments, fairly stealthy
A: negative energy resistance 1, electricity resistance, unbreathing,
petrification resistance, rot immunity, AC +4
a: Renounce Religion


You were on level 6 of the Dungeon.
You worshipped Xom.
You were a plaything of Xom.
You were not hungry.

You visited 2 branches of the dungeon, and saw 7 of its levels.

You collected 290 gold pieces.

Inventory:

Hand Weapons
 a - a +0 flail (weapon)
 b - a +0 hand crossbow
 k - a +0 hand axe
 o - a +0 whip
 r - a +0 club
 v - a +0 quarterstaff
 A - a +0 mace of chaos
 B - a +0 hunting sling
 D - a +2 spear of freezing
 H - a +0 shortbow
 J - a +0 dagger of distortion
Missiles
 d - a tomahawk of dispersal {!f}
 f - 207 stones
 h - 30 poisoned needles
 i - 34 arrows
 x - 32 bolts
 y - 5 tomahawks (quivered)
Armour
 n - a +2 helmet (worn)
 p - a +2 leather armour (worn)
Jewellery
 m - a +4 ring of intelligence
 q - a cursed -2 ring of strength (right hand)
 w - a +4 amulet of reflection (around neck)
 C - the ring of Desertification {rPois rC++ MP+9 AC+2 Slay-6}
   (Xom gifted it to you on level 3 of the Dungeon)

   [ring of protection]

   It affects your AC (+2).
   It affects your accuracy and damage with ranged weapons and melee attacks
   (-6).
   It greatly protects you from cold.
   It protects you from poison.
   It affects your magic capacity (+9).
 K - a +3 ring of protection {unknown}
Wands
 F - a wand of digging (1/24)
Scrolls
 e - 3 scrolls of enchant armour
 j - 2 scrolls of teleportation
 l - 3 scrolls of remove curse
 s - a scroll of amnesia
 t - 2 scrolls of recharging
 z - a scroll of fog
 E - a scroll of immolation
 O - a scroll of magic mapping {unknown}
 P - a scroll of enchant weapon
Potions
 g - a potion of flight
 u - a potion of cancellation {unknown}
 G - a potion of might {unknown}
 I - 2 potions of haste {unknown}
Comestibles
 c - 3 bread rations
 L - a meat ration
 M - 3 chunks of flesh
 N - a beef jerky


   Skills:
 - Level 3.2 Fighting
 + Level 7.6 Maces & Flails
 - Level 2.1 Armour
 - Level 0.7 Dodging
 - Level 5.5 Stealth


You had 6 spell levels left.
You didn't know any spells.

Dungeon Overview and Level Annotations

Branches:
Dungeon (6/15)             Temple (1/1) D:4

Altars:
Ashenzari
Cheibriados
Gozag
Nemelex Xobeh
Pakellas
Trog
Vehumet
Xom
Zin

Shops:
D:4 :

Annotations:
D:4 Sigmund; tschems's ghost, amateur HuWz
D:5 Dowan; Duvessa


Innate Abilities, Weirdness & Mutations

You are resistant to torment.
Your stone body is resilient (AC +4).
You are immune to poison.
You resist negative energy.
You are resistant to electric shocks.
You can survive without breathing.
You are immune to petrification.
You are immune to rotting.


Message History

"This might be better!"
The steam dragon seems to speed up.
The steam dragon breathes steam at you. The ball of steam hits you!
You closely miss the steam dragon.
You are engulfed in a cloud of scalding steam.
You block the steam dragon's attack. The steam dragon barely misses you.
The steam dragon misses you. The steam dragon closely misses you.
You hit the steam dragon.
The steam dragon is lightly wounded.
You are engulfed in a cloud of scalding steam.
The steam dragon closely misses you. x2
The steam dragon breathes steam at you. The ball of steam hits you!
* * * LOW HITPOINT WARNING * * *
You emit a cloud of colourful smoke!
The steam dragon breathes steam at you. The ball of steam hits you!
You die...
Xom chortles!

####### # #.....# #..
#.....# #....##### #.....#
.........# #.....+
#....###.###########.....#
..# ###...........[>.)..#
####......§).....#.....###
........§@.......+.....o.(
##......§§D......#.....###
#......§.§......#.....#
#...............#######
......$..........#########
).......##########........
........# #........
........# #........
........# #.<......


You could see a steam dragon.

Vanquished Creatures
  2 ogres
  A crimson imp (D:5)
  A jelly (D:5)
  4 orc priests
  A hound (D:4)
  3 orc wizards
  A worker ant (D:4)
  A hound skeleton (D:4)
  Robin (D:3)
  4 gnolls (D:3)
  6 adders
  An ooze (D:5)
  7 worms
  3 dart slugs
  7 orcs
  7 bats
  3 giant cockroaches
  11 hobgoblins
  4 jackals (D:4)
  2 quokkas (D:2)
  A ball python (D:1)
  6 giant newts
  13 goblins
  6 kobolds
  7 rats
103 creatures vanquished.

Vanquished Creatures (collateral kills)
  The ghost of Kloppie the Skirmisher, an amateur HOFi (D:3)
  An orc (D:3)
2 creatures vanquished.

Grand Total: 105 creatures vanquished

Notes
Turn   | Place    | Note
--------------------------------------------------------------
     0 | D:1      | Iskender the Gargoyle Chaos Knight began the quest for the Orb.
     0 | D:1      | Reached XP level 1. HP: 14/14 MP: 1/1
    48 | D:1      | XOM: harmless Erth miscast
   245 | D:1      | XOM: silly message
   268 | D:1      | XOM: harmless Conj miscast
   269 | D:1      | Reached XP level 2. HP: 18/19 MP: 2/2
   517 | D:1      | XOM: harmless Erth miscast
   879 | D:2      | XOM: noise
   919 | D:1      | Reached skill level 4 in Maces & Flails
   987 | D:2      | Reached XP level 3. HP: 23/23 MP: 3/3
  1040 | D:2      | XOM: smoke on damage
  1114 | D:1      | XOM: harmless Trmt miscast
  1459 | D:2      | XOM: harmless Ice miscast
  1683 | D:2      | Reached skill level 1 in Stealth
  1683 | D:2      | Reached XP level 4. HP: 27/28 MP: 4/4
  1720 | D:2      | Found a bloodstained altar of Trog.
  1722 | D:2      | Found a shattered altar of Ashenzari.
  1764 | D:2      | XOM: harmless Pois miscast
  1786 | D:2      | XOM: mild Pois miscast
  1848 | D:2      | Found a shimmering altar of Xom.
  1850 | D:2      | Found an opulent altar of Gozag.
  2110 | D:3      | Noticed Robin
  2167 | D:3      | XOM: divination: detect creatures
  2526 | D:3      | Reached XP level 5. HP: 26/32 MP: 5/5
  2834 | D:3      | XOM: potion effect (invisibility)
  2880 | D:3      | Reached skill level 5 in Maces & Flails
  2893 | D:3      | XOM: divination: magic mapping
  2940 | D:3      | Noticed Kloppie's ghost (amateur HOFi)
  2968 | D:3      | XOM: potion effect (agility)
  3082 | D:3      | XOM: divination: detect items
  3152 | D:3      | XOM: scenery: create altars
  3173 | D:4      | Found Ratogoof's Book Shoppe.
  3188 | D:4      | Noticed Sigmund
  3200 | D:4      | Noticed an ogre
  3315 | D:3      | XOM: god gift: glittering lapis lazuli ring {god gift}
  3316 | D:3      | Got a glittering lapis lazuli ring {god gift}
  3322 | D:3      | XOM: divination: detect items
  3342 | D:3      | XOM: cast spell 'Summon Hydra'
  3343 | D:3      | Reached XP level 6. HP: 37/37 MP: 6/6
  3345 | D:3      | Killed Kloppie's ghost
  3345 | D:3      | Reached skill level 5 in Stealth
  3363 | D:3      | Identified the ring of Desertification {rPois rC++ MP+9 AC+2 Slay-6} (Xom gifted it to you on level 3 of the Dungeon)
  3391 | D:3      | Killed Robin
  3407 | D:3      | XOM: vitrification
  3541 | D:4      | XOM: enchant monster (good)
  3544 | D:4      | XOM: silly message
  3663 | D:4      | Found an oddly glowing altar of Pakellas.
  3707 | D:4      | Found a staircase to the Ecumenical Temple.
  3716 | Temple   | Entered the Ecumenical Temple
  3737 | D:4      | XOM: medium Ice miscast
  3959 | D:4      | Noticed tschems's ghost (amateur HuWz)
  4006 | D:5      | Entered Level 5 of the Dungeon
  4047 | D:5      | XOM: god gift: scroll labeled DITHEO MOKAENU
  4070 | D:5      | Found a sparkling altar of Nemelex Xobeh.
  4112 | D:5      | Reached XP level 7. HP: 37/41 MP: 7/7
  4224 | D:4      | Reached skill level 6 in Maces & Flails
  4638 | D:5      | XOM is BORED!
  4638 | D:5      | XOM: noise
  4641 | D:5      | XOM: harmless Tloc miscast
  4884 | D:4      | XOM: silly message
  4992 | D:5      | XOM is BORED!
  4992 | D:5      | XOM: mild Ice miscast
  5191 | D:5      | XOM: enchant monster (bad)
  5204 | D:5      | Reached skill level 7 in Maces & Flails
  5304 | D:5      | Noticed Duvessa
  5304 | D:5      | Noticed Dowan
  5304 | D:5      | XOM: silly message
  5308 | D:5      | XOM: harmless Tloc miscast
  5519 | D:5      | XOM: mild Erth miscast
  5631 | D:6      | Noticed a steam dragon
  5631 | D:6      | an orc wizard changed into a steam dragon
  5631 | D:6      | XOM: polymorph orc wizard -> steam dragon
  5639 | D:6      | XOM: mild Necr miscast
  5645 | D:6      | XOM: enchant monster (bad)
  5648 | D:6      | XOM: smoke on damage
  5649 | D:6      | Killed from afar by a steam dragon

Skill      XL: |  1  2  3  4  5  6  7 |
---------------+----------------------+-----
Maces & Flails | 4 5 7 |  7.6
Stealth        | 1 3 4 5 |  5.5
Fighting       | |  3.2
Armour         | |  2.1
Dodging        | |  0.7

Action                   |  1- 3 |  4- 6 |  7- 9 || total
-------------------------+-------+-------+-------++-------
Melee: Mace              |   143 |    28 |       ||   171
       Club              |    18 |     1 |       ||    19
       Whip              |       |   170 |       ||   170
       Flail             |       |    69 |    88 ||   157
 Fire: Hunting sling     |       |    24 |    17 ||    41
       Hand crossbow     |       |       |     5 ||     5
Throw: Stone             |    29 |    35 |       ||    64
       Tomahawk          |       |       |     7 ||     7
  Use: Scroll            |     3 |     6 |     3 ||    12
 Stab: Sleeping          |       |     1 |       ||     1
       Invisible         |       |     5 |       ||     5
  Eat: Chunk             |     3 |     5 |     2 ||    10
       Pizza             |       |     1 |       ||     1
       Bread ration      |       |     1 |       ||     1
Armor: Leather armour    |    65 |    89 |    37 ||   191
Dodge: Dodged            |    80 |   125 |    49 ||   254
Block: Other             |       |    12 |    14 ||    26
